 Dungeon Sprint DCSS version 0.18-a0-596-g6468885 (webtiles) character file.

1666 xeno23 the Basher (level 8, -3/132 HPs)
             Began as a Minotaur Berserker on Dec 4, 2015.
             Was a High Priest of Trog.
             Slain by a demonic crawler (8 damage)
             ... in the Dungeon (Sprint I: "Red Sonja").
             The game lasted 00:03:07 (585 turns).

xeno23 the Basher (Minotaur Berserker)               Turns: 585, Time: 00:03:08

Health: -3/132     AC:  2    Str: 27    XL:     8   Next: 69%
Magic:  7/7        EV: 16    Int:  4    God:    Trog [*****.]
Gold:   427        SH:  0    Dex: 12    Spells: 0 memorised, 7 levels left

rFire  . . .     SeeInvis .     a - +0 mace
rCold  . . .     Clarity  .     b - +0 animal skin
rNeg   . . .     SustAt   .     (no shield)
rPois  .         Gourm    .     (helmet restricted)
rElec  .         Spirit   .     (no cloak)
rCorr  .         Dismiss  .     (no gloves)
rMut   .         NoTele   +     (no boots)
MR     .....                    (no amulet)
Stlth  ..........               (no ring)
                                (no ring)

@: berserking (expiring), very quick, not resistant to hostile enchantments,
extremely unstealthy
A: retaliatory headbutt, horns 2
a: Berserk, Trog's Hand, Brothers in Arms, Burn Spellbooks, Renounce Religion


You were in the Dungeon.
You worshipped Trog.
Trog was extremely pleased with you.
You were not hungry.

You visited 1 branch You collected 427 gold pieces.

Inventory:

Hand Weapons
 a - a +0 mace (weapon)
Armour
 b - a +0 animal skin (worn)
Wands
 j - a wand of slowing (19)
Scrolls
 i - a scroll of blinking
 l - a scroll of fog {unknown}
Potions
 d - a potion of curing
 e - a potion of heal wounds
 f - a potion of haste
 g - 2 potions of magic
 h - a potion of berserk rage


   Skills:
 + Level 13.9 Fighting
 + Level 14.4 Maces & Flails
 + Level 7.1 Armour
 + Level 8.9 Dodging


You had 7 spell levels left.
You didn't know any spells.

Dungeon Overview and Level Annotations

Branches:
Dungeon (1/1)

Altars:
Cheibriados
Dithmenos
Elyvilon
Fedhas
Gozag
Kikubaaqudgha
Makhleb
Nemelex Xobeh
Okawaru
Pakellas
Qazlal
Ru
Sif Muna
Trog
Vehumet
Xom
Yredelemnul
Zin
The Shining One
Jiyva

Shops:
D :


Innate Abilities, Weirdness & Mutations

You reflexively headbutt those who attack you in melee.
You have a pair of horns on your head.


Message History

The demonic crawler misses you. The demonic crawler closely misses you.
The demonic crawler hits you.
* * * LOW HITPOINT WARNING * * *
The demonic crawler hits you.
* * * LOW HITPOINT WARNING * * *
The demonic crawler closely misses you. The demonic crawler barely misses you.
You take 5 damage.
You hit the demonic crawler.
The demonic crawler is almost dead.
The demonic crawler closely misses you. The demonic crawler barely misses you.
The demonic crawler hits you but does no damage.
Unknown command.
You sock the demonic crawler!
You kill the demonic crawler!
Trog accepts your kill.
Your Armour skill increases to level 7!
The demonic crawler completely misses you.
You furiously retaliate!
You headbutt the demonic crawler! The demonic crawler barely misses you.
The demonic crawler hits you!
You die...

##################
.#..'..#__#..')).#
.').#..'^.'..#..@#
'#####'#__####..ss..#
.#...#.#### #####..+
##..##.#§§ +##
_##'#..+≈§§
..'..._#≈≈§§c#
_##_.#'##+####
_###+#.# ## ###


You could see 2 demonic crawlers.

Vanquished Creatures
  2 kobold demonologists (D)
  2 demonic crawlers (D)
  A slime creature (D)
  Sigmund (D)
  A yak (D)
  An ogre (D)
  A jelly (D)
  Ijyb (D)
  A giant eyeball (D)
11 creatures vanquished.

Notes
Turn   | Place    | Note
--------------------------------------------------------------
     0 | D        | xeno23 the Minotaur Berserker began the quest for the Orb.
     0 | D        | Reached XP level 1. HP: 19/19 MP: 0/0
     1 | D        | Noticed Ijyb
     7 | D        | Killed Ijyb
     7 | D        | Reached skill level 5 in Fighting
     7 | D        | Reached skill level 5 in Maces & Flails
     7 | D        | Reached XP level 2. HP: 30/30 MP: 1/1
    55 | D        | Noticed an ogre
    61 | D        | Killed an ogre
    61 | D        | Reached ** piety under Trog
    61 | D        | Reached skill level 8 in Fighting
    61 | D        | Reached XP level 3. HP: 40/40 MP: 2/2
    61 | D        | Reached XP level 4. HP: 48/48 MP: 3/3
    96 | D        | Noticed Sigmund
   101 | D        | Killed Sigmund
   101 | D        | Reached skill level 9 in Fighting
   101 | D        | Reached skill level 10 in Maces & Flails
   101 | D        | Reached skill level 5 in Dodging
   101 | D        | Reached XP level 5. HP: 58/58 MP: 4/4
   101 | D        | Reached XP level 6. HP: 66/66 MP: 5/5
   156 | D        | Found a deep blue altar of Sif Muna.
   158 | D        | Found a radiant altar of Vehumet.
   160 | D        | Reached skill level 10 in Fighting
   160 | D        | Reached skill level 5 in Armour
   170 | D        | Noticed a centaur warrior
   197 | D        | Found Fireju's Book Emporium.
   197 | D        | Found a white marble altar of Elyvilon.
   197 | D        | Found a stormy altar of Qazlal.
   197 | D        | Found a burning altar of Makhleb.
   197 | D        | Found a sacrificial altar of Ru.
   197 | D        | Found an oddly glowing altar of Pakellas.
   197 | D        | Found a basalt altar of Yredelemnul.
   197 | D        | Found a glowing golden altar of the Shining One.
   197 | D        | Found a sparkling altar of Nemelex Xobeh.
   197 | D        | Found a shimmering altar of Xom.
   197 | D        | Found an opulent altar of Gozag.
   197 | D        | Found an ancient bone altar of Kikubaaqudgha.
   197 | D        | Found a glowing silver altar of Zin.
   197 | D        | Noticed a yak
   198 | D        | Found an iron altar of Okawaru.
   210 | D        | Killed a yak
   210 | D        | Reached *** piety under Trog
   210 | D        | Reached skill level 11 in Fighting
   218 | D        | Found a bloodstained altar of Trog.
   470 | D        | Found a snail-covered altar of Cheibriados.
   470 | D        | Found a viscous altar of Jiyva.
   470 | D        | Found a shadowy altar of Dithmenos.
   470 | D        | Found a blossoming altar of Fedhas.
   470 | D        | Noticed a slime creature
   475 | D        | Killed a slime creature
   475 | D        | Reached skill level 12 in Maces & Flails
   475 | D        | Reached XP level 7. HP: 75/75 MP: 6/6
   519 | D        | Noticed a kobold demonologist
   520 | D        | Noticed a kobold demonologist
   522 | D        | Noticed a red devil
   522 | D        | Noticed a sixfirhy
   523 | D        | Killed a kobold demonologist
   523 | D        | Reached skill level 13 in Maces & Flails
   524 | D        | Reached **** piety under Trog
   533 | D        | Killed a kobold demonologist
   533 | D        | Reached XP level 8. HP: 79/86 MP: 7/7
   574 | D        | Noticed a demonic crawler
   574 | D        | Noticed a demonic crawler
   574 | D        | Noticed a demonic crawler
   574 | D        | Noticed a demonic crawler
   577 | D        | Killed a demonic crawler
   577 | D        | Reached skill level 14 in Maces & Flails
   583 | D        | HP: 5/129 [demonic crawler (3)]
   585 | D        | Killed a demonic crawler
   585 | D        | Reached ***** piety under Trog
   585 | D        | Slain by a demonic crawler

Vault maps used:
D:        dungeon_sprint_1

Action                   |  1- 3 |  4- 6 |  7- 9 || total
-------------------------+-------+-------+-------++-------
Melee: Mace              |     9 |    19 |    21 ||    49
Invok: Berserk           |     2 |     3 |     2 ||     7
  Eat: Chunk             |       |     2 |       ||     2
       Bread ration      |       |       |     1 ||     1
